[Event "French-ch U16-U18 2024"]
[Site "Agen"]
[Date "2024.04.15"]
[Round "2.2"]
[White "Bat, Anu"]
[Black "Grisoni, Emma"]
[Result "1/2-1/2"]
[ECO "D05"]
[WhiteElo "1887"]
[BlackElo "1704"]
[Annotator "NA RC"]
[PlyCount "148"]
[EventDate "2024.04.14"]
[EventType "swiss"]
[EventCountry "FRA"]
[SourceTitle "playchess.com"]
[Source "ChessBase"]
[SourceQuality "1"]
[TimeControl "5400+30"]

1. d4 Nf6 2. Nf3 e6 3. e3 b6 4. Bd3 Bb7 5. Nbd2 d5 6. O-O Bd6 7. b3 O-O 8. Bb2 Nbd7 9. Ne5 {[%emt 0:00:53] 9.c4 is the hot move.} Ne4 10. Nxe4 {[%emt 0:10:42] D05: Colle System with ...e6.} dxe4 11. Bb5 Nf6 12. Be2 c5 $146 ({Predecessor:} 12... Qe7 13. c4 Rac8 14. Qc2 c5 15. a3 Rc7 16. Rfd1 Rfc8 17. Qd2 Rd8 18. dxc5 Rxc5 {1-0 Martirosyan,D (1925)-Cermak,M (2050) Mid Bohemia Region-chT 2223 2022 (2.2)}) 13. Nc4 Be7 14. f3 (14. a4 $11 {feels stronger.}) 14... cxd4 15. exd4 Rc8 16. fxe4 ({Better is} 16. a4 $11) 16... Bxe4 17. Bf3 Bxf3 $11 18. Qxf3 Nd5 19. Rf2 (19. c3 $11) 19... b5 20. Ne3 Nxe3 21. Qxe3 Qd5 22. Kh1 Bf6 23. Qd3 Rfd8 24. Rd1 Rd7 25. Rff1 Rdc7 26. c3 Rd7 27. Qg3 Kh8 28. Rde1 a5 29. Re2 a4 30. bxa4 bxa4 31. Ba1 Rb7 32. Qd3 Qb5 33. Qe4 Qc6 34. Qxc6 Rxc6 35. d5 Rcb6 36. Ree1 h6 37. c4 Bxa1 38. Rxa1 exd5 39. cxd5 Rd6 40. Rf4 Rxd5 41. Rxa4 Rdb5 42. h3 Rb1+ 43. Rxb1 Rxb1+ 44. Kh2 Rb7 45. Ra8+ Kh7 46. a4 Rb3 47. a5 Ra3 48. a6 Kg6 49. Ra7 Kf6 50. h4 h5 51. g3 Ke6 52. Ra8 Kf6 53. Kg2 Ke7 54. a7 Kf6 55. Kf2 Kg6 56. Kg2 Kf6 57. Rh8 Rxa7 58. Rxh5 Ra2+ 59. Kh3 g6 60. Rb5 Ra3 61. Rb4 Rc3 62. Kg4 Rc5 63. Rb6+ Kg7 64. Rd6 Rb5 65. Rd4 Rc5 66. Rf4 Rb5 67. Kh3 Rb3 68. Rg4 Kh6 69. Rd4 Rb5 70. g4 Rb3+ 71. Kg2 Rb2+ 72. Kf3 Rb3+ 73. Kg2 Rb2+ 74. Kg3 Rb3+ 1/2-1/2

[Event "French-ch U16-U18 2024"]
[Site "Agen"]
[Date "2024.04.15"]
[Round "2.3"]
[White "Delmouly, Manon"]
[Black "Bert, Lisa"]
[Result "1/2-1/2"]
[ECO "D35"]
[WhiteElo "1800"]
[BlackElo "1698"]
[Annotator "NA RC"]
[PlyCount "82"]
[EventDate "2024.04.14"]
[EventType "swiss"]
[EventCountry "FRA"]
[SourceTitle "playchess.com"]
[Source "ChessBase"]
[SourceQuality "1"]
[TimeControl "5400+30"]

1. d4 d5 2. Nf3 Nf6 3. c4 e6 4. Nc3 Be7 5. Bf4 c6 6. e3 Nbd7 7. cxd5 exd5 8. Bd3 {[%emt 0:00:38] 8.h3 might become the main line.} Qb6 {[%emt 0:17:09] D35: Queen's Gambit Declined: Exchange Variation.} (8... Nh5 $11 {should be considered.}) 9. Qc2 Nh5 $146 ({Predecessor:} 9... Nf8 10. h3 Ng6 11. Bh2 Bd7 12. O-O O-O 13. a3 c5 14. dxc5 Bxc5 15. b4 Bd6 16. Bxd6 Qxd6 {1-0 Beutelhoff,J (2108)-Simon,G (1830) Hessen-ch Seniors op 12th 2016 (1)}) 10. Bg3 h6 11. Rb1 Nxg3 12. hxg3 Bf6 13. b4 a6 14. a4 O-O 15. O-O Qd8 16. b5 axb5 17. axb5 Qe7 18. Rfc1 Qd6 19. bxc6 $16 bxc6 20. Na2 c5 21. dxc5 Nxc5 22. Qxc5 Qxc5 23. Rxc5 Rxa2 24. Rxd5 Be6 25. Rdb5 g6 26. Rb6 Kg7 27. Ra6 Rd8 28. Bf1 Rxa6 29. Bxa6 Rd6 30. Be2 Rc6 31. Kf1 Ba2 32. Rd1 Bb3 33. Rb1 Ba2 34. Re1 Rb6 35. e4 Bc3 36. Rc1 Rb1 37. Rd1 Rxd1+ 38. Bxd1 Bb1 39. e5 Be4 40. Ke2 Bxf3+ 41. Kxf3 Bxe5 1/2-1/2

[Event "French-ch U16-U18 2024"]
[Site "Agen"]
[Date "2024.04.15"]
[Round "2.4"]
[White "Tahar-Chaouch, Nefissa"]
[Black "Lavilledieu, Lily-Mei"]
[Result "0-1"]
[ECO "A00"]
[WhiteElo "1689"]
[BlackElo "1783"]
[Annotator "NA RC"]
[PlyCount "52"]
[EventDate "2024.04.14"]
[EventType "swiss"]
[EventCountry "FRA"]
[SourceTitle "playchess.com"]
[Source "ChessBase"]
[SourceQuality "1"]
[TimeControl "5400+30"]

1. b4 e5 2. Bb2 d6 3. e3 Bf5 4. Nf3 Nd7 5. c4 Ngf6 6. Be2 Be7 7. O-O O-O 8. Nc3 Re8 9. d4 h6 10. d5 c6 11. a4 a5 12. b5 c5 13. Nh4 Bh7 14. g3 g5 15. Ng2 e4 16. f4 exf3 17. Bxf3 Ne5 18. Be2 Qd7 19. Ne1 Qh3 20. Rf2 Nfg4 21. Bxg4 Nxg4 22. Re2 Bf6 23. Qd2 Nxe3 24. Rf2 Nxc4 25. Qc1 Bd4 26. Nd1 Rxe1# 0-1

[Event "French-ch U16-U18 2024"]
[Site "Agen"]
[Date "2024.04.15"]
[Round "2.5"]
[White "Pereira-Davoine, Alana"]
[Black "Akbarova, Ania"]
[Result "1-0"]
[ECO "E51"]
[WhiteElo "1780"]
[BlackElo "1685"]
[Annotator "NA RC"]
[PlyCount "73"]
[EventDate "2024.04.14"]
[EventType "swiss"]
[EventCountry "FRA"]
[SourceTitle "playchess.com"]
[Source "ChessBase"]
[SourceQuality "1"]
[TimeControl "5400+30"]

1. d4 Nf6 2. c4 e6 3. Nc3 Bb4 4. e3 O-O 5. Bd3 d5 6. Nf3 c5 7. O-O Bxc3 8. bxc3 Nbd7 9. Qc2 Qc7 10. Bb2 Re8 11. Rfd1 b6 12. cxd5 Nxd5 13. Bxh7+ Kh8 14. Ng5 N7f6 15. dxc5 bxc5 16. c4 Nb4 17. Qe2 e5 18. Be4 Rb8 19. Rd2 g6 20. f4 Nxe4 21. Nxe4 Nc6 22. Qf2 Kg7 23. Qh4 Qe7 24. Qxe7 Rxe7 25. Nxc5 f6 26. Bc3 Rb6 27. Ne4 Bf5 28. Nd6 Be6 29. Rc1 Ra6 30. Kf2 Ra4 31. Ba1 Bg8 32. fxe5 Nxe5 33. Bxe5 Rxe5 34. c5 Re7 35. c6 Rc7 36. Ne8+ Kf8 37. Nxc7 1-0

[Event "French-ch U16-U18 2024"]
[Site "Agen"]
[Date "2024.04.15"]
[Round "2.6"]
[White "Pires, Oscar"]
[Black "Kuhn, Clement"]
[Result "0-1"]
[ECO "E61"]
[WhiteElo "1941"]
[BlackElo "2349"]
[Annotator "TA"]
[PlyCount "82"]
[EventDate "2024.04.14"]
[EventType "swiss"]
[EventCountry "FRA"]
[SourceTitle "playchess.com"]
[Source "ChessBase"]
[SourceQuality "1"]
[TimeControl "5400+30"]

1. d4 g6 2. Nf3 Bg7 3. c4 d6 4. Nc3 Nf6 5. Bg5 h6 6. Bh4 g5 7. Bg3 Nh5 8. e3 c5 9. d5 Nxg3 10. hxg3 Bxc3+ {[%emt 0:00:23] The position is equal.} 11. bxc3 {[%emt 0:00:17] next Nxg5 is good for White.} Kd7 12. Bd3 Kc7 13. Qc2 Nd7 14. Ke2 Qg8 15. Nd2 (15. Rab1 $11 {should be considered.}) 15... Ne5 $15 16. f3 Bd7 (16... h5 $17) 17. g4 $11 Qg7 18. Nf1 (18. Be4 $11) 18... Nxd3 $15 19. Qxd3 Qe5 $1 20. e4 {[%emt 0:03:39] [#]} h5 $1 21. gxh5 $11 g4 22. Kd2 (22. h6 gxf3+ 23. Qxf3 (23. gxf3 Qg5 $17) 23... Rag8 $17) (22. f4 $1 $11 Qxf4 23. Qe3 Qxe3+ 24. Nxe3) 22... Rag8 {[%emt 0:01:46] Threatens to win with ...gxf3.} (22... Rxh5 {simplifies} 23. Rxh5 Qxh5 24. f4 Qh6) 23. Ne3 (23. f4 $1 $11 {remains equal.} Qxf4+ 24. Qe3 Qxe3+ 25. Kxe3) 23... gxf3 $17 (23... Rxh5 24. Rxh5 Qxh5 25. f4 $15) 24. gxf3 Rxh5 {[%emt 0:06:32] Black is more active.} 25. Rxh5 Qxh5 26. Qe2 Qh6 27. Qf2 Qf4 {[%emt 0:01:31] Strongly threatening ...Rg3.} 28. Ke2 {[%emt 0:02:35] [#]} (28. Rh1 $17 {is the only way for White.}) 28... Rh8 $1 $19 {[%emt 0:09:24] Hoping for ...Rh2.} 29. Rg1 a6 (29... Rh3 $19 {...f5 is the strong threat.} 30. Nf1 a6) 30. Ng2 $2 {[%emt 0:02:22][%mdl 8192] Now White is beyond hope.} (30. Qg3 $17 Qf6 (30... Rh2+ 31. Kd3 $11) 31. Nd1) 30... Qf6 31. Qe3 b5 32. cxb5 (32. Ne1 $142) 32... axb5 (32... Bxb5+ 33. Kf2 $17) 33. Qd2 $2 (33. a3) 33... Rg8 34. Kf2 Bh3 (34... Qg7 $142 35. Qd3 Qg3+ 36. Ke3 Qh2 (36... Bh3 $2 37. Qxb5 Qg5+ 38. Kd3 $17)) 35. c4 $2 (35. Qc1) 35... b4 (35... bxc4 36. Qa5+ Kd7 37. Qa7+ Kd8 38. Qb6+ (38. Qa5+ Kd7 $11) 38... Kc8 39. Qa6+ Kd8 40. Qb6+ (40. Qa5+ Kd7 $11) 40... Kc8 41. Qc6+ Kd8 42. Qb6+ $11) 36. a3 Bxg2 {[%emt 0:02:24] Black mates.} ({Worse is} 36... bxa3 37. Qa5+ Kd7 38. Qa7+ Kd8 39. Qa5+ Kd7 40. Qb5+ Kc8 41. Qa6+ Kc7 42. Qa5+ Kd7 $11) 37. Rxg2 Qc3 38. Qe2 Qd4+ 39. Kf1 Qa1+ 40. Kf2 Rxg2+ 41. Kxg2 b3 {[%emt 0:00:24] Weighted Error Value: White=0.74/Black=0.29 (precise) .  Loses game:     	White=1     	---        Mistake:       	White=8     	Black=4      Inaccurate:     	White=1     	Black=1      OK:         	White=4     	Black=10     Best:        	White=3     	Black=1      Strong:       	---       	Black=1} (41... bxa3 $142 42. f4 Qb2 43. Qxb2 axb2 44. e5 b1=Q (44... b1=B $2 45. Kg3 $19) 45. Kf3 Qd3+ 46. Kf2 Qxc4 47. Kg3 Qxd5 48. exd6+ Qxd6 49. Kg4 c4 50. f5 c3 51. f6 Qxf6 52. Kg3 c2 53. Kh2 Qf3 (53... c1=B {leads to mate.} 54. Kg2 Be3 55. Kg3 Qf2+ 56. Kh3 Qf3+ 57. Kh2 Qg4 58. Kh1 Qh3#) 54. Kg1 c1=Q+ 55. Kh2 Qch1#) 0-1

[Event "French-ch U16-U18 2024"]
[Site "Agen"]
[Date "2024.04.15"]
[Round "2.7"]
[White "Breuil, Tristan"]
[Black "Reymann, Nathan"]
[Result "1-0"]
[ECO "B32"]
[WhiteElo "2281"]
[BlackElo "1938"]
[Annotator "RC"]
[PlyCount "67"]
[EventDate "2024.04.14"]
[EventType "swiss"]
[EventCountry "FRA"]
[SourceTitle "playchess.com"]
[Source "ChessBase"]
[SourceQuality "1"]
[TimeControl "5400+30"]

1. e4 c5 2. Nf3 Nc6 3. d4 cxd4 4. Nxd4 e5 5. Nb5 d6 6. c4 g6 7. Bd3 a6 8. N5c3 Bg7 9. Nd5 Nge7 10. Nbc3 O-O 11. O-O Nxd5 12. Nxd5 Nd4 13. Be3 f5 14. Bxd4 exd4 15. f4 Kh8 16. Re1 Rb8 17. Rc1 fxe4 18. Bxe4 b5 19. cxb5 Rxb5 20. b4 Rf7 21. Qc2 Rb8 22. Nc7 Rf8 23. Qb3 Rb6 24. a4 Rb8 25. h3 Qh4 26. b5 axb5 27. a5 d3 28. Qxd3 Bb7 29. a6 Bxe4 30. Rxe4 Rbc8 31. a7 Rxf4 32. g3 Qxh3 33. Rxf4 Bh6 34. Rh4 1-0

[Event "French-ch U16-U18 2024"]
[Site "Agen"]
[Date "2024.04.15"]
[Round "2.8"]
[White "Anes, Thomas"]
[Black "Vallee, Louis"]
[Result "0-1"]
[ECO "C56"]
[WhiteElo "1939"]
[BlackElo "2270"]
[Annotator "TA"]
[PlyCount "54"]
[EventDate "2024.04.14"]
[EventType "swiss"]
[EventCountry "FRA"]
[SourceTitle "playchess.com"]
[Source "ChessBase"]
[SourceQuality "1"]
[TimeControl "5400+30"]

1. e4 e5 2. Nf3 Nc6 3. d4 exd4 4. Bc4 Nf6 5. Ng5 d5 6. exd5 Na5 7. Qxd4 Nxc4 8. Qxc4 Qxd5 9. Qe2+ Be7 10. O-O Bg4 11. f3 Bh5 12. Nc3 {[%emt 0:05:13] The position is equal.} Qc5+ 13. Be3 Qe5 (13... Qa5 $1 $11) 14. g4 $14 h6 $1 15. Nh3 (15. f4 $16 Bxg4 16. fxe5 Bxe2 17. exf6 (17. Nxe2 Nd5 $14) 17... Bxf1 18. fxe7) 15... Bg6 $36 {[%emt 0:00:26][%mdl 2048] Black has some pressure.} 16. f4 Qa5 17. b4 $2 Qxb4 $19 (17... Bxb4 $2 {too greedy.} 18. Bb6+ (18. Bxa7+ $2 {is the wrong capture.} Kd8 $19) 18... Kf8 19. Bxa5 $18) 18. Nb5 O-O {[%emt 0:04:11] [#] And now ...Bc5 would win.} 19. Rab1 Qe4 20. Rbc1 $2 {[%emt 0:09:26] This move loses the game for White.} (20. Rbe1 $17) 20... Nd5 {[%emt 0:04:12] Black is clearly winning.} 21. Kf2 Bh4+ {[%emt 0:01:35] A strong pair of Bishops.} 22. Kg1 Qxe3+ 23. Qxe3 Nxe3 24. Rf3 Nxg4 {[%emt 0:00:32] aiming for ...Be4.} 25. f5 Bh7 26. Rf4 {[%emt 0:00:12] [#]} Ne5 $1 27. Re4 (27. Nd4 Bf6) 27... Bxf5 {[%emt 0:01:05] Weighted Error Value: White=0.88/Black=0.30.  Loses game:     	White=2     	---        Mistake:       	White=1     	Black=1      Inaccurate:     	White=1     	---        OK:         	White=4     	Black=5      Best:        	White=2     	Black=3      Strong:       	---       	Black=1} 0-1

[Event "French-ch U16-U18 2024"]
[Site "Agen"]
[Date "2024.04.15"]
[Round "2.9"]
[White "Lemonnier, Antoine"]
[Black "Trevisiol, Antoine"]
[Result "0-1"]
[ECO "B11"]
[WhiteElo "1937"]
[BlackElo "2235"]
[Annotator "TA"]
[PlyCount "100"]
[EventDate "2024.04.14"]
[EventType "swiss"]
[EventCountry "FRA"]
[SourceTitle "playchess.com"]
[Source "ChessBase"]
[SourceQuality "1"]
[TimeControl "5400+30"]

1. e4 c6 2. Nf3 d5 3. Nc3 Bg4 4. h3 Bxf3 5. Qxf3 e6 6. g3 Bc5 7. Bg2 Nd7 8. d3 Ne7 {[%emt 0:01:35] The position is equal.} 9. O-O O-O 10. Re1 Qc7 11. Ne2 f5 12. exd5 {[%emt 0:07:58] Black must now prevent d4.} Ne5 13. Qh5 {[%emt 0:02:51] aiming for d4.} Nxd5 14. Nf4 Rae8 15. c3 (15. Qd1 {simplifies} Nxf4 16. Bxf4 Bd6 17. d4) 15... Bd6 16. d4 Nxf4 17. Bxf4 Ng6 18. Bxd6 Qxd6 19. f4 c5 20. Qd1 ({Much weaker is} 20. Bxb7 cxd4 21. cxd4 Qxd4+ 22. Kh1 Qxb2 $17) 20... Re7 21. Qd3 Rd8 22. Rad1 Qb6 {[%emt 0:07:31] Against Qb5} 23. Qc4 cxd4 24. cxd4 Nf8 25. Qc5 Red7 (25... Rd6 $11) 26. Qxb6 $14 axb6 {[%emt 0:00:02] [#]} 27. d5 $1 Rd6 (27... Kf7 28. Re5) 28. Rd4 (28. h4 $14) 28... Ng6 $11 29. Kf2 (29. Rxe6 $2 Rxe6 30. g4 Ne7 31. gxf5 Red6 $19 (31... Nxf5 $2 32. Rb4 $19)) 29... exd5 30. g4 Kf7 31. Red1 Ne7 32. R1d2 h6 33. Kg3 Kf6 34. R2d3 Rc8 35. Rd2 Rc5 36. R4d3 Ra5 37. a3 Rc5 38. Rd4 Ke6 39. R4d3 b5 40. Re3+ Kf6 41. Re5 (41. g5+ $11 Kf7 42. Re5) 41... b6 ({Black should play} 41... g5 $17 {...gxf4+ is the strong threat.} 42. Re1 b4) 42. Rd4 (42. Rde2 $11 {and White has nothing to worry.} Rc7 43. g5+ hxg5 44. fxg5+ Kf7 (44... Kxg5 $2 {loses.} 45. Rxe7 Rxe7 46. Rxe7 $18) 45. Rd2) 42... Rc4 43. Rd3 (43. Rd2 $17) 43... g5 $19 44. Re1 Rxf4 ({But not} 44... gxf4+ 45. Kf2 $17) 45. Rb3 {[%emt 0:00:27] [#]} b4 $1 46. Rxb4 (46. Rd1 Rc4) 46... Rxb4 47. axb4 f4+ 48. Kf3 Nc6 49. h4 $2 (49. b5 Na5 50. Bh1) 49... Ne5+ 50. Ke2 Nxg4 {[%emt 0:00:13] Weighted Error Value: White=0.29 (precise) /Black=0.11 (very precise) .  Loses game:     	White=1     	---        Mistake:       	White=4     	Black=2      Inaccurate:     	White=2     	Black=4      OK:         	White=11    	Black=21     Best:        	White=2     	Black=1      Brilliant:      	White=1     	---} 0-1

[Event "French-ch U16-U18 2024"]
[Site "Agen"]
[Date "2024.04.15"]
[Round "2.10"]
[White "Boumrar, Ayrad"]
[Black "Arousstamian, Albert"]
[Result "1-0"]
[ECO "E04"]
[WhiteElo "2191"]
[BlackElo "1937"]
[Annotator "TA"]
[PlyCount "93"]
[EventDate "2024.04.14"]
[EventType "swiss"]
[EventCountry "FRA"]
[SourceTitle "playchess.com"]
[Source "ChessBase"]
[SourceQuality "1"]
[TimeControl "5400+30"]

1. d4 d5 2. c4 e6 3. Nf3 Nf6 4. g3 dxc4 5. Bg2 Nc6 6. O-O Rb8 7. Nc3 b5 8. Ne5 Nxe5 9. dxe5 Nd7 10. Qc2 b4 (10... Bb7 $11) 11. Na4 (11. Ne4 $14) 11... b3 (11... Nxe5 $15 12. Be3 Bd6) 12. Qc3 ({Inferior is} 12. Qxc4 Rb4 13. Qc3 (13. Qc6 $2 Bb7 $17) 13... Rxa4 $17) 12... Bb4 13. Qxc4 Nxe5 14. Qxb3 {[%emt 0:11:30] Strongly threatening a3.} Bd7 15. Qc2 O-O 16. Bf4 Bd6 17. Nc5 {[%emt 0:01:27] White is more active.} Bc6 18. Bxe5 (18. Rfd1 {feels hotter.} Qe7 19. Bxe5 Bxg2 20. Kxg2 Bxc5 21. Rac1) 18... Bxg2 19. Bxd6 (19. Nxe6 {simplifies} fxe6 20. Bxd6 cxd6 21. Kxg2 Qc8 22. Qxc8 Rfxc8 23. b3) 19... cxd6 20. Nxe6 Qc8 21. Qxc8 Rfxc8 22. Kxg2 fxe6 $14 {[%emt 0:00:08][%mdl 4096] Endgame. KRR-KRR} 23. b3 Rc2 24. e3 Rbc8 25. a4 a5 26. Rab1 Rb8 (26... Kf7 $14) 27. Rfc1 $16 Rxc1 (27... Ra2 $142) 28. Rxc1 Rxb3 {[%emt 0:00:03] [#] KR-KR} 29. Rc6 (29. Rc8+ $142 $1 Kf7 30. Ra8) 29... Rb4 (29... Rd3 $142) 30. Rxd6 e5 {[%emt 0:00:34] Repels Rd4} 31. Rd5 Rxa4 32. Rxe5 Ra1 33. Re7 a4 (33... h5 $142 34. Kf3 Kf8) 34. Ra7 a3 35. e4 a2 {[%emt 0:00:35] [#]} (35... h5 $142 36. Kf3 Kh7) 36. Kf3 $1 $18 h6 37. h4 h5 $2 (37... Kh7 38. Kf4 Rc1 39. Rxa2 Rc8) 38. Kf4 Kh7 39. Kg5 Re1 (39... Rb1 $142) 40. Rxa2 Rxe4 41. Kxh5 {[%emt 0:00:08] White threatens f4 and mate.} Rb4 42. f4 Rb3 43. Kg4 g6 44. Ra5 {[%emt 0:00:17] White wants to mate with Rg5.} Kh6 45. h5 gxh5+ 46. Rxh5+ Kg6 47. Ra5 {[%emt 0:00:03] Weighted Error Value: White=0.17 (very precise) /Black=0.64.  Mistake:       	White=2     	Black=8      Inaccurate:     	White=1     	Black=3      OK:         	White=16    	Black=12     Best:        	White=3     	Black=2      Strong:       	White=1     	---} 1-0

[Event "French-ch U16-U18 2024"]
[Site "Agen"]
[Date "2024.04.15"]
[Round "2.11"]
[White "Boghossian, Lucie"]
[Black "Diez, Agathe"]
[Result "0-1"]
[ECO "C47"]
[WhiteElo "1764"]
[BlackElo "1954"]
[Annotator "NA RC"]
[PlyCount "56"]
[EventDate "2024.04.14"]
[EventType "swiss"]
[EventCountry "FRA"]
[SourceTitle "playchess.com"]
[Source "ChessBase"]
[SourceQuality "1"]
[TimeControl "5400+30"]

1. e4 e5 2. Nf3 Nc6 3. Nc3 Nf6 4. d4 exd4 5. Nd5 Bb4+ 6. Nxb4 {[%emt 0:04:47] C47: Scotch Four Knights and Four Knights with 4 g3.} Nxb4 7. e5 Qe7 8. Be2 Nfd5 9. c3 Nc6 10. cxd4 ({Much weaker is} 10. Nxd4 Qxe5 11. Nf3 Qf5 $11) 10... O-O 11. O-O d6 12. Bc4 Nb6 13. Bb3 Bg4 14. Be3 (14. h3 $11 {keeps the balance.} Bxf3 15. exd6 (15. Qxf3 Nxd4 16. Qxb7 dxe5 $17)) 14... dxe5 15. Bg5 $2 (15. Re1 $17) 15... Qxg5 16. Nxg5 Bxd1 17. Raxd1 exd4 18. Rd3 Rad8 19. Rfd1 Rd7 20. Nf3 Rfd8 $19 21. a3 Na5 22. Ba2 c5 23. b4 cxb4 24. Ne5 Re7 25. Rxd4 Rxd4 26. Rxd4 Nc6 27. Bxf7+ Rxf7 28. Nxf7 Nxd4 0-1

[Event "French-ch U16-U18 2024"]
[Site "Agen"]
[Date "2024.04.15"]
[Round "2.12"]
[White "Yaghi, leen"]
[Black "Riss, Selenia"]
[Result "1/2-1/2"]
[ECO "D15"]
[WhiteElo "1941"]
[BlackElo "1763"]
[Annotator "RC"]
[PlyCount "144"]
[EventDate "2024.04.14"]
[EventType "swiss"]
[EventCountry "FRA"]
[SourceTitle "playchess.com"]
[Source "ChessBase"]
[SourceQuality "1"]
[TimeControl "5400+30"]

1. d4 d5 2. c4 c6 3. Nf3 Nf6 4. Nc3 a6 5. g3 dxc4 6. a4 e6 7. Bg2 c5 8. dxc5 Qxd1+ 9. Nxd1 Bd7 10. Ne5 Nc6 11. Nxc4 Bxc5 12. O-O Ke7 13. Nc3 Rhd8 14. Bg5 h6 15. Ne4 Bd4 16. Bf4 e5 17. Nxf6 Kxf6 18. Be3 Be6 19. Rac1 Rac8 20. Rfd1 Bxc4 21. Rxc4 Bxe3 22. Rxd8 Rxd8 23. fxe3 Rd6 24. b4 Ke7 25. b5 axb5 26. axb5 Nd8 27. Rc7+ Rd7 28. b6 Kd6 29. Rc2 f5 30. Bh3 g6 31. e4 Ne6 32. exf5 gxf5 33. Bxf5 Nd4 34. Rd2 Rf7 35. Bg6 Rf6 36. Be4 Kc5 37. Bxb7 Kxb6 38. Be4 Kc5 39. Kg2 Rd6 40. e3 Nb5 41. Rc2+ Kb4 42. Rb2+ Kc4 43. Rc2+ Nc3 44. Bf5 Kb3 45. Rf2 Nd1 46. Bc2+ Kc3 47. Bxd1 Rxd1 48. Rf6 Rd3 49. e4 Kd4 50. Rxh6 Kxe4 51. Rf6 Rd2+ 52. Rf2 Rd3 53. h4 Kd4 54. h5 e4 55. h6 Rc3 56. g4 e3 57. Re2 Rc7 58. Ra2 Kd3 59. Ra3+ Kd2 60. Ra8 e2 61. Rd8+ Ke1 62. g5 Rf7 63. g6 Rf2+ 64. Kg1 Rf1+ 65. Kg2 Rf2+ 66. Kg1 Rf1+ 67. Kg2 Rf2+ 68. Kg3 Kf1 69. Re8 Rg2+ 70. Kf3 Rxg6 71. h7 Rf6+ 72. Kg4 Rh6 1/2-1/2

[Event "French-ch U16-U18 2024"]
[Site "Agen"]
[Date "2024.04.15"]
[Round "2.13"]
[White "Naville, Lea"]
[Black "Deladerriere, Calypso"]
[Result "0-1"]
[ECO "D07"]
[WhiteElo "1745"]
[BlackElo "1935"]
[Annotator "NA RC"]
[PlyCount "56"]
[EventDate "2024.04.14"]
[EventType "swiss"]
[EventCountry "FRA"]
[SourceTitle "playchess.com"]
[Source "ChessBase"]
[SourceQuality "1"]
[TimeControl "5400+30"]

1. d4 d5 2. c4 Nc6 3. Nc3 Nf6 4. Nf3 dxc4 5. e3 Bg4 6. Bxc4 e6 7. O-O Be7 {[%emt 0:01:31] D07: Queen's Gambit: Chigorin Defence.} 8. Bd2 O-O 9. h3 Bh5 10. Rc1 e5 11. dxe5 (11. g4 $11 exd4 12. exd4) 11... Nxe5 12. Be2 Nxf3+ 13. Bxf3 Bxf3 14. gxf3 Qd7 15. Kg2 Rad8 16. Be1 (16. Qb3 $11 {should be considered.}) 16... Qf5 17. Qe2 Qg5+ 18. Kh2 (18. Kh1 $15) 18... Bd6+ 19. Kh1 Qh4 20. Kg2 Qg5+ ({Black should play} 20... Rfe8 $17 21. Rg1 a6) 21. Kh1 Rfe8 22. f4 {[%emt 0:04:11] [#]} (22. Rg1 $17 Qh5 23. Kg2) 22... Bxf4 $1 23. exf4 $2 (23. Qf3 Bd6 24. Rg1) 23... Qxf4 24. Qc2 (24. Rd1 Rxe2 25. Rxd8+ Re8 26. Rxe8+ Nxe8 $19) 24... Qf3+ 25. Kh2 Rd3 26. Rh1 Re5 $19 27. Ne2 Rxe2 28. Qxc7 Rxf2+ 0-1

[Event "French-ch U16-U18 2024"]
[Site "Agen"]
[Date "2024.04.15"]
[Round "2.14"]
[White "Grimault, Leane"]
[Black "Dufeux, Elia"]
[Result "0-1"]
[ECO "A13"]
[WhiteElo "1930"]
[BlackElo "1728"]
[Annotator "NA RC"]
[PlyCount "98"]
[EventDate "2024.04.14"]
[EventType "swiss"]
[EventCountry "FRA"]
[SourceTitle "playchess.com"]
[Source "ChessBase"]
[SourceQuality "1"]
[TimeControl "5400+30"]

1. g3 e6 2. Bg2 d5 3. c4 a6 4. Qc2 c5 5. b3 Nf6 6. Nf3 Be7 7. cxd5 exd5 8. d4 (8. Ba3 $11 {is superior.}) 8... b6 9. O-O Bb7 10. Nc3 O-O 11. Rd1 Nbd7 12. dxc5 bxc5 (12... Rc8 $14) 13. Ng5 ({White should play} 13. Nh4 $16) 13... h6 14. Nh3 Nb6 15. a4 Qc8 16. a5 d4 17. Ne4 Nbd5 18. Bd2 $17 (18. Nf4 $142) 18... Rb8 19. Nf4 Nxe4 20. Bxe4 Nf6 21. Bxb7 Qxb7 22. Rab1 Ne4 23. Nd3 Rfc8 24. Bf4 Ra8 25. Re1 Nc3 26. Rb2 h5 27. h4 Qc6 28. Ne5 Qe6 29. Nc4 Nd5 30. Qd2 Bf6 31. Rbb1 Ra7 32. Rbc1 Nc3 33. e3 Qg4 34. exd4 cxd4 35. Qd3 Re7 36. Rxe7 Bxe7 37. Re1 Bf6 38. Nd6 Rd8 39. Qxa6 Nd5 40. Bd2 Bxh4 41. Qd3 Bf6 42. Ne4 Be5 43. b4 h4 44. b5 f5 45. Ng5 Bd6 46. Qb3 Bb8 47. Kg2 f4 48. Ne4 f3+ 49. Qxf3 h3+ 0-1

[Event "French-ch U16-U18 2024"]
[Site "Agen"]
[Date "2024.04.15"]
[Round "2.15"]
[White "Kosteniuk, Kristina"]
[Black "Bouland, Yseoline"]
[Result "0-1"]
[ECO "E61"]
[WhiteElo "1852"]
[BlackElo "1718"]
[Annotator "NA RC"]
[PlyCount "80"]
[EventDate "2024.04.14"]
[EventType "swiss"]
[EventCountry "FRA"]
[SourceTitle "playchess.com"]
[Source "ChessBase"]
[SourceQuality "1"]
[TimeControl "5400+30"]

1. e4 c6 2. d4 d5 3. exd5 cxd5 4. c4 Nf6 5. Nc3 g6 6. Nf3 Bg7 7. Be2 O-O 8. h3 dxc4 9. Bxc4 e6 10. Bf4 Nc6 11. O-O a6 12. a4 Qb6 13. Qd2 Rd8 14. Rfd1 $11 Ne8 15. Be3 Qb4 16. Qe2 Nd6 17. Ba2 Nf5 18. d5 exd5 19. Bxd5 Bd7 20. Ng5 Be8 21. Rac1 Nxe3 22. fxe3 Qe7 23. Nf3 Bh6 24. Re1 Nb4 25. Rcd1 Qc5 26. Bb3 Rxd1 27. Nxd1 Rd8 28. Kh1 Nd3 29. Rf1 Nc1 30. Qc2 Nxb3 31. Qxb3 Qe7 32. Re1 Bc6 33. Nd4 Rxd4 34. Qc3 Rh4 35. Kh2 Bg7 36. Qd2 Be5+ 37. Kg1 Qg5 38. Nc3 Rxh3 39. Rd1 Qxe3+ 40. Qxe3 Rxe3 0-1